AoeStats
← Led

Arabia

510678622Analyzed
1v1 RM · 15h ago on Oct 2, 2026· 31m 16s· 2 players
Game mode
Random Map
Map size
Tiny (2 player)
Population
200
Speed
Normal
Resources
Standard
Victory
Conquest
Starting age
Dark Age
Ending age
Imperial Age
RankedLock teamsTeams togetherTeam positionsShared explorationLock speedFull tech treeHidden civsTurbo modeCheats
Victory
Defeat
🇧🇷 Huns · Brazil
1043
+17
🇦🇺 Huns · Australia
1067
-17
Led
6:54 Loom
9:44 Feudal Age
10:29 Double-Bit Axe
12:50 Horse Collar
17:48 Bloodlines
23:57 Castle Age
23:01 Wheelbarrow
23:08 Gold Mining
23:43 Scale Barding Armor
24:01 Light Cavalry
25:06 Forging
25:55 Bow Saw
28:19 Gold Shaft Mining
29:42 Iron Casting
29:31 Chain Barding Armor
30:00 Iron Casting
martintitley
10:27 Feudal Age
10:32 Loom
15:13 Wheelbarrow
15:13 Horse Collar
18:39 Fletching
22:12 Castle Age
21:51 Padded Archer Armor
22:55 Squires
23:38 Heavy Plow
24:58 Gold Mining
24:56 Crossbowman
25:50 Pikeman
27:19 Hand Cart
28:22 Stone Mining
29:11 Gold Shaft Mining
30:14 Scale Barding Armor
30:44 Scale Mail Armor
Connection lost

Rejoining the realm…

Still unreachable

The connection could not be restored.

Session expired

The server has moved on; the page needs a fresh start.